Map: Rhoskallian LE

Players

David - Winner!

  • Race: Terran Terran
  • Spawn Location: 6:00

Dutchman - Winner!

  • Race: Terran Terran
  • League: Silver
  • Spawn Location: 5:00

KnOoB

  • Race: Protoss Protoss
  • League: Silver
  • Spawn Location: 11:00

BryanRevilla

  • Race: Protoss Protoss
  • Spawn Location: 12:00

VOD

Have the link to the VOD?

Description

Time

  • Played on: April 11, 2025, 8:53 a.m.
  • Length: 19:35
Show
View Real Time Build Order
Export as new Build Order

David Terran - Winner!

Build Orders:  

Get SALT Encoding   

  12  0:01  SCV  
  13  0:15  Supply Depot  
  13  0:18  SCV  
  14  0:33  Refinery  
  14  0:39  Barracks  
  14  0:41  SCV  
  15  0:53  SCV  
  16  1:06  SCV  
  17  1:26  Orbital Command  
  17  1:28  Barracks Reactor  
  17  1:38  Supply Depot  
  17  1:53  Command Center  
  17  2:05  Marine x2  
  19  2:21  Engineering Bay  
  19  2:23  Marine x2  
  21  2:44  SCV  
  22  2:56  SCV  
  23  2:59  Barracks  
  23  3:01  Terran Infantry Weapons Level 1  
  23  3:08  SCV  
  23  3:10  SCV  
  25  3:20  SCV  
  25  3:21  Supply Depot  
  25  3:23  SCV  
  27  3:35  SCV  
  27  3:38  SCV  
  29  3:47  SCV, Barracks  
  29  3:48  Barracks Tech Lab  
  30  3:51  SCV  
  30  3:55  Supply Depot  
  31  3:58  Marine x2  
  33  4:03  SCV  
  34  4:15  SCV, Marine  
  34  4:16  Marine  
  37  4:19  Combat Shield  
  37  4:27  SCV  
  37  4:29  Supply Depot  
  38  4:32  SCV  
  38  4:36  Barracks Tech Lab  
  39  4:44  SCV  
  40  4:46  Factory  
  40  4:52  Supply Depot  
  40  4:56  SCV  
  41  5:01  Marine  
  41  5:02  Marine x3  
  41  5:06  Stimpack  
  45  5:08  SCV  
  45  5:14  Supply Depot  
  46  5:19  Marine x4  
  46  5:21  SCV  
  51  5:37  Marine x3  
  51  5:41  Refinery  
  54  5:52  Marine  
  54  5:54  Marine  
  54  5:55  Marine  
  57  5:58  SCV  
  58  6:07  Terran Infantry Armor Level 1  
  58  6:09  Factory Tech Lab  
  58  6:10  SCV  
  59  6:13  Refinery  
  59  6:14  Starport  
  59  6:23  SCV  
  60  6:31  Orbital Command  
  60  6:37  SCV  
  60  6:39  Refinery  
  61  6:40  Marine  
  61  6:41  Marine x3  
  65  6:49  SCV  
  66  6:58  Marine x4, Barracks  
  71  7:01  SCV  
  71  7:02  Siege Tank  
  74  7:16  Marine x4  
  75  7:34  Siege Tank, Marine x4  
  82  7:45  Medivac  
  82  7:48  Barracks  
  84  7:52  Marine x2  
  86  8:30  Supply Depot  
  86  8:35  Barracks Reactor  
  86  8:36  Barracks Reactor  
  86  8:51  Siege Tank, Marine x3, Medivac  
  86  8:53  Supply Depot  
  94  9:05  SCV, Marine  
  94  9:09  Marine x3  
  92  9:13  Marine x2  
  92  9:14  Marine x2  
  86  9:17  Supply Depot, SCV  
  86  9:21  Medivac  
  86  9:22  Marine  
  86  9:23  Siege Tank  
  93  9:27  Marine x3  
  93  9:30  SCV  
  93  9:31  Marine x4  
  97  9:35  Supply Depot  
  101  9:40  Supply Depot, Marine  
  101  9:44  Marine x3  
  105  9:49  Marine x4  
  109  9:56  Siege Tank, Medivac  
  109  9:58  Supply Depot, Marine  
  115  10:02  Marine x3  
  115  10:03  Supply Depot  
  115  10:06  Marine  
  119  10:07  Marine x3  
  122  10:16  Marine  
  122  10:20  Marine  
  124  10:21  Supply Depot  
  124  10:25  Supply Depot  
  124  10:43  Supply Depot  
  124  10:50  Marine  
  124  10:51  Marine x7  
  124  10:54  Missile Turret  
  132  11:08  Marine x6  
  132  11:09  Marine x2  
  132  11:11  Armory  
  140  11:16  Missile Turret  
  140  11:17  Viking  
  142  11:26  Marine x8  
  150  11:42  Missile Turret  
  150  11:43  Marine  
  150  11:44  Marine x7  
  158  11:47  Viking  
  160  11:58  Terran Infantry Weapons Level 2  
  160  12:01  Terran Vehicle Weapons Level 1, Missile Turret  
  160  12:02  Marine x2  
  162  12:17  Viking  
  164  12:47  Viking  
  166  12:54  Supply Depot  
  166  13:04  Supply Depot  
  166  13:15  Thor  
  166  13:17  Viking  
  166  13:18  Supply Depot  
  174  13:27  Supply Depot  
  174  13:41  Supply Depot, Marine  
  174  13:42  Marine x7  
  182  13:55  Terran Vehicle And Ship Armor Level 1  
  182  13:58  Thor  
  182  13:59  Marine x3  
  182  14:00  Marine x5  
  182  14:02  Missile Turret  
  196  14:06  Supply Depot  
  196  14:14  Terran Infantry Armor Level 2  
  196  14:17  Marine x3  
  196  14:22  Missile Turret  
  199  14:29  Supply Depot  
  199  14:36  Marine  
  200  14:59  Supply Depot  
  200  15:08  Command Center  
  200  15:21  Supply Depot  
  200  15:49  Terran Vehicle Weapons Level 2  
  200  16:14  Refinery  
  200  16:30  Terran Infantry Weapons Level 3  
  106  18:15  Marine  
  106  18:16  Marine x7  
  114  18:27  Thor  
  114  18:32  Medivac  
  114  18:33  Marine  
  114  18:34  Marine x7  
  130  18:51  Marine x4  
  130  18:52  Marine x4  
  138  19:02  Medivac  
  140  19:09  Marine x8  
Show
View Real Time Build Order
Export as new Build Order

Dutchman Terran - Winner!

Build Orders: 1/1/1 

Get SALT Encoding   

  12  0:00  SCV  
  13  0:14  Supply Depot  
  13  0:18  SCV  
  14  0:30  SCV  
  14  0:31  Refinery  
  15  0:45  Barracks  
  15  0:48  SCV  
  16  1:00  SCV  
  17  1:10  Refinery  
  17  1:12  SCV  
  18  1:24  SCV  
  19  1:35  Factory  
  19  1:36  SCV  
  20  1:44  Supply Depot  
  20  1:47  Barracks Reactor  
  20  1:49  SCV  
  21  2:01  SCV  
  22  2:13  SCV  
  23  2:19  Bunker  
  23  2:24  Starport  
  23  2:25  SCV, Factory Tech Lab  
  24  2:37  SCV  
  25  3:00  Command Center  
  25  3:09  Viking  
  27  3:21  Fusion Core  
  27  3:28  Marine x2  
  29  3:42  Refinery  
  29  3:45  Starport Tech Lab, Marine  
  29  3:46  Marine  
  31  4:14  Supply Depot  
  31  4:17  Battlecruiser  
  37  4:27  Orbital Command  
  37  4:39  Engineering Bay  
  37  4:45  Orbital Command  
  37  5:07  SCV  
  38  5:19  SCV  
  39  5:31  SCV  
  40  5:36  Starport  
  40  5:39  Battlecruiser  
  46  5:43  SCV  
  47  5:59  SCV  
  47  6:02  SCV  
  49  6:13  Armory  
  49  6:31  Starport Tech Lab  
  49  6:44  Starport  
  49  6:48  SCV x2, Refinery  
  51  7:00  SCV x2  
  53  7:02  Armory  
  53  7:12  SCV  
  53  7:15  Command Center  
  54  7:26  Supply Depot  
  54  7:40  Terran Ship Weapons Level 1  
  54  7:48  Raven, Battlecruiser  
  54  7:49  Terran Vehicle And Ship Armor Level 1  
  54  7:50  Supply Depot  
  62  8:11  SCV x2  
  64  8:12  Supply Depot  
  64  8:23  SCV x2  
  66  8:29  Starport Tech Lab  
  66  8:31  Battlecruiser  
  72  8:35  SCV x2  
  72  8:36  Supply Depot  
  74  8:44  Planetary Fortress  
  74  8:47  Missile Turret  
  74  8:48  SCV x2  
  76  8:52  Battlecruiser  
  82  9:00  SCV  
  83  9:08  Missile Turret  
  81  9:29  Missile Turret  
  73  9:49  Refinery  
  73  10:02  Battlecruiser  
  73  10:04  Battlecruiser  
  73  10:06  Viking  
  87  10:15  Terran Vehicle And Ship Armor Level 2  
  87  10:23  Terran Ship Weapons Level 2  
  87  10:36  Viking  
  89  10:44  Starport  
  89  11:06  Viking  
  91  11:12  SCV x2  
  91  11:17  Refinery  
  93  11:22  Starport  
  93  11:24  SCV x2  
  95  11:30  Supply Depot  
  95  11:36  SCV x2, Viking  
  99  11:48  SCV  
  99  11:49  SCV  
  99  11:51  Starport Reactor  
  101  11:54  Supply Depot  
  101  11:55  Battlecruiser  
  101  12:01  SCV x2  
  109  12:15  SCV, Viking  
  109  12:16  Supply Depot  
  112  12:26  Raven  
  112  12:27  Starport Tech Lab  
  114  12:36  Viking  
  116  12:37  Viking  
  116  12:38  Supply Depot  
  118  12:46  Battlecruiser  
  124  13:00  Supply Depot, Raven  
  126  13:06  Viking  
  128  13:13  Command Center  
  128  13:22  Supply Depot, Battlecruiser x2  
  128  13:26  Terran Ship Weapons Level 3  
  140  13:41  Terran Vehicle And Ship Armor Level 3  
  140  13:44  Raven  
  140  13:46  Supply Depot  
  142  13:50  Viking  
  144  14:05  SCV  
  144  14:09  Supply Depot  
  145  14:17  SCV  
  145  14:18  Battlecruiser  
  145  14:20  Viking  
  154  14:29  SCV  
  155  14:33  Supply Depot  
  155  14:39  Command Center  
  155  14:40  Planetary Fortress  
  155  14:42  SCV  
  156  14:46  Missile Turret  
  156  14:49  Viking  
  158  14:54  SCV  
  158  14:56  Supply Depot  
  159  15:07  Missile Turret  
  159  15:18  Supply Depot  
  159  15:28  Missile Turret  
  159  15:40  Supply Depot  
  159  15:49  Refinery  
  105  16:13  Battlecruiser x4  
  88  16:46  Refinery  
  88  16:48  SCV  
  89  17:00  SCV  
  90  17:13  SCV  
  91  17:17  Battlecruiser x3  
  91  17:22  Battlecruiser  
  115  17:25  SCV  
  116  17:34  Refinery  
  116  17:37  SCV  
  117  17:49  SCV  
  118  18:21  Battlecruiser  
  118  18:22  Battlecruiser  
Show
View Real Time Build Order
Export as new Build Order

KnOoB Protoss 

Build Orders: Carriers 

Get SALT Encoding   

  12  0:13  Pylon  
  12  0:16  Probe  
  13  0:28  Probe  
  14  0:40  Probe  
  15  0:47  Forge  
  15  0:53  Probe  
  16  1:00  Gateway  
  16  1:04  Assimilator  
  16  1:05  Probe  
  16  1:11  Assimilator  
  17  1:19  Pylon  
  17  1:22  Probe  
  18  1:34  Probe  
  19  1:42  Photon Cannon  
  19  1:46  Probe  
  20  1:52  Cybernetics Core  
  20  1:57  Pylon  
  20  2:01  Probe  
  21  2:13  Probe  
  22  2:16  Photon Cannon  
  22  2:25  Probe  
  23  2:39  Stargate  
  23  2:43  Probe  
  24  2:51  Probe  
  25  3:00  Probe  
  26  3:06  Assimilator  
  26  3:10  Probe  
  26  3:11  Assimilator  
  27  3:18  Probe  
  27  3:23  Stargate  
  27  3:27  Probe  
  29  3:38  Probe  
  34  3:45  Void Ray  
  34  3:46  Probe  
  34  3:54  Probe  
  36  4:05  Probe  
  37  4:12  Pylon  
  37  4:13  Pylon  
  37  4:17  Probe  
  37  4:18  Pylon  
  38  4:27  Probe  
  43  4:35  Void Ray, Probe  
  43  4:43  Probe  
  49  4:54  Void Ray  
  49  4:56  Probe  
  50  5:08  Probe  
  50  5:13  Protoss Shields Level 1  
  51  5:15  Protoss Air Armor Level 1  
  51  5:16  Probe  
  52  5:24  Probe  
  52  5:27  Pylon  
  53  5:31  Pylon  
  53  5:34  Probe  
  53  5:41  Phoenix  
  56  5:46  Probe  
  56  5:47  Phoenix  
  59  6:13  Nexus  
  59  6:19  Phoenix  
  61  6:29  Cybernetics Core  
  61  6:44  Twilight Council  
  61  6:55  Fleet Beacon  
  61  7:18  Protoss Air Weapons Level 1  
  61  7:25  Protoss Shields Level 2  
  61  7:45  Nexus  
  61  7:49  Probe  
  66  7:59  Void Ray  
  66  8:00  Flux Vanes  
  66  8:01  Probe  
  67  8:13  Probe  
  68  8:24  Pylon  
  68  8:26  Pylon  
  68  8:27  Protoss Air Armor Level 2  
  68  8:28  Pylon x3  
  68  8:38  Photon Cannon  
  68  8:40  Photon Cannon  
  68  8:42  Photon Cannon  
  68  8:45  Photon Cannon  
  40  9:49  Stargate  
  40  9:53  Anion Pulse-Crystals  
  40  9:54  Stargate  
  40  9:56  Protoss Shields Level 3  
  40  10:02  Phoenix x2  
  44  10:13  Protoss Air Weapons Level 2  
  44  10:16  Photon Cannon  
  44  10:22  Photon Cannon x2  
  44  10:23  Photon Cannon  
  44  10:25  Photon Cannon  
  44  10:27  Shield Battery, Phoenix  
  46  10:29  Shield Battery  
  46  10:32  Shield Battery  
  46  10:42  Phoenix  
  48  10:45  Phoenix  
  50  10:52  Phoenix  
  52  10:58  Phoenix  
  54  11:21  Nexus  
  54  11:23  Probe  
  54  11:31  Probe  
  55  11:36  Probe  
  57  11:40  Probe  
  58  11:51  Probe  
  59  11:55  Robotics Facility  
  59  11:59  Probe  
  59  12:03  Phoenix  
  59  12:04  Protoss Air Armor Level 3  
  59  12:07  Probe  
  62  12:10  Phoenix  
  65  12:15  Probe  
  66  12:24  Probe  
  66  12:28  Assimilator  
  67  12:31  Probe  
  67  12:32  Probe  
  67  12:33  Assimilator  
  69  12:39  Probe  
  70  12:44  Probe  
  70  12:47  Probe  
  72  12:51  Observer  
  72  12:57  Probe  
  74  12:59  Probe  
  74  13:00  Robotics Bay  
  75  13:07  Forge  
  75  13:08  Dark Shrine  
  75  13:09  Probe  
  75  13:11  Probe, Protoss Ground Weapons Level 1, Protoss Air Weapons Level 3  
  77  13:27  Probe  
  78  13:39  Probe  
  78  13:40  Protoss Ground Armor Level 1, Void Ray x2  
  91  13:42  Void Ray  
  91  13:47  Gravitic Boosters  
  91  13:49  Charge  
  91  13:52  Probe  
  96  13:56  Unknown  
  96  14:00  Void Ray  
  96  14:04  Probe  
  96  14:09  Pylon  
  97  14:10  Pylon  
  97  14:11  Pylon  
  97  14:12  Pylon  
  97  14:16  Probe  
  98  14:23  Nexus  
  98  14:25  Assimilator  
  98  14:29  Assimilator  
  98  14:32  Photon Cannon  
  98  14:33  Photon Cannon  
  98  14:38  Probe  
  99  14:46  Tempest  
  99  14:48  Tempest  
  99  14:50  Probe  
  108  15:02  Probe  
  108  15:05  Tempest x2  
  117  15:18  Protoss Ground Weapons Level 2  
  125  15:33  Mothership  
  78  16:40  Protoss Ground Armor Level 2  
  78  16:43  Carrier  
  78  16:44  Carrier x3  
  94  17:05  Shield Battery  
  94  17:06  Photon Cannon  
  94  17:07  Photon Cannon  
  94  17:08  Shield Battery, Photon Cannon  
  84  17:23  Dark Templar  
  82  17:48  Carrier x2  
  91  18:02  Dark Templar  
  68  18:38  Phoenix x2  
  66  18:41  Dark Templar  
Show
View Real Time Build Order
Export as new Build Order

BryanRevilla Protoss 

Build Orders:  

Get SALT Encoding   

  12  0:22  Pylon  
  12  0:27  Assimilator  
  12  0:29  Probe  
  13  0:41  Probe  
  14  0:45  Gateway  
  14  0:53  Probe  
  15  1:05  Probe  
  16  1:14  Pylon  
  16  1:17  Assimilator  
  16  1:29  Probe  
  17  1:37  Cybernetics Core  
  17  1:41  Probe  
  18  1:53  Probe  
  19  2:06  Probe  
  20  2:14  Warp Gate  
  20  2:29  Forge  
  20  2:32  Shield Battery  
  20  2:41  Twilight Council  
  20  3:02  Nexus  
  20  3:11  Pylon  
  20  3:17  Pylon  
  20  3:43  Nexus  
  20  3:53  Pylon  
  20  4:13  Stargate  
  20  4:14  Protoss Air Armor Level 1  
  20  4:17  Robotics Facility  
  20  4:21  Probe  
  21  4:28  Assimilator  
  21  4:33  Probe  
  21  4:34  Assimilator  
  22  4:39  Gateway  
  22  4:45  Probe  
  22  4:47  Gateway  
  23  4:55  Gateway  
  23  4:58  Probe  
  24  5:05  Gateway  
  24  5:10  Probe  
  25  5:35  Fleet Beacon  
  25  5:58  Stalker x2  
  25  5:59  Stalker x2  
  32  6:21  Probe  
  33  6:33  Probe  
  33  6:34  Probe  
  35  6:44  Anion Pulse-Crystals  
  35  6:45  Probe  
  35  6:46  Probe  
  37  6:57  Probe  
  37  6:58  Probe  
  39  7:09  Stalker, Probe  
  39  7:10  Stalker x2, Probe  
  39  7:14  Nexus  
  47  7:20  Assimilator  
  47  7:22  Probe  
  33  7:34  Probe  
  34  8:03  Gateway  
  34  8:06  Gateway  
  34  8:16  Gateway  
  34  8:18  Gateway  
  34  8:20  Gateway  
  34  8:23  Gateway  
  34  8:26  Probe  
  35  8:38  Probe  
  36  8:50  Probe  
  37  9:01  Stalker x2  
  37  9:02  Stalker x2, Probe  
  46  9:03  Stalker x2  
  50  9:14  Probe  
  51  10:25  Nexus  
  51  10:31  Pylon  
  51  10:40  Pylon  
  51  10:55  Stalker x2  
  51  10:56  Stalker  
  51  10:57  Stalker x2  
  59  10:58  Stalker x3  
  67  11:37  Stargate  
  67  11:42  Carrier  
  73  11:55  Pylon  
  73  12:01  Assimilator  
  73  12:21  Stalker  
  73  12:22  Stalker x2  
  79  12:23  Stalker x3  
  79  12:24  Stalker x3  
  79  12:26  Stalker  
  93  12:46  Carrier  
  99  13:15  Stargate  
  99  13:33  Pylon  
  99  13:40  Pylon  
  99  13:48  Nexus  
  99  13:51  Carrier  
  105  13:56  Assimilator  
  105  14:07  Stalker x3  
  105  14:08  Stalker x3  
  123  15:01  Protoss Ground Weapons Level 1  
  123  15:09  Flux Vanes  
  123  15:15  Charge  
  123  15:20  Protoss Air Weapons Level 1  
  123  15:21  Probe  
  124  15:29  Probe  
  124  15:33  Probe  
  125  15:54  Probe x2  
  104  16:06  Probe x2  
  88  16:18  Probe  
  87  16:31  Probe  
  56  16:34  Stalker x3  
  56  16:35  Stalker x3  
  56  16:36  Stalker x2  
  66  16:55  Blink  
  44  17:02  Protoss Ground Armor Level 1  
  44  17:24  Stalker x2  
  44  17:25  Stalker x2  
  44  17:26  Stalker  
  44  17:27  Stalker x2  
  44  17:28  Stalker  
  42  17:46  Unknown  
Tags
 
Composition
Carriers
Opening
1/1/1
Replay Pack
DaveSC2
Add a new tag
Caveats
  • Supply blocks, unpowered buildings, or Contaminate may cause inaccurate times.
  • Supply counts are checked every 10 seconds.